 Dungeon Crawl Stone Soup version 0.29.1-2-gbd0b4ee654 (webtiles) character file.

Game seed: 5505460057683559572

58758 Avanven the Brawler (level 14, -12/118 HPs)
             Began as a Troll Fighter on Nov 15, 2022.
             Was a Believer of Uskayaw.
             Mangled by an ettin
             ... wielding a +2 dire flail of protection
              (13 damage)
             ... on level 2 of the Orcish Mines.
             The game lasted 00:50:35 (15131 turns).

Avanven the Brawler (Troll Fighter)                Turns: 15131, Time: 00:50:36

Health: -12/118    AC:  9    Str: 31    XL:     14   Next: 50%
Magic:  20/20      EV:  8    Int:  4    God:    Uskayaw [**....]
Gold:   1241       SH:  7    Dex:  9    Spells: 13/13 levels left

rFire   + . .      SeeInvis .     - Unarmed
rCold   . . .      Faith    .   b - +0 kite shield
rNeg    . . .      Spirit   .   S - +1 troll leather armour {Snorg}
rPois   .          Reflect  .   (helmet restricted)
rElec   .          Harm     .   g - +1 cloak
rCorr   .          Rampage  .   (gloves unavailable)
Will    +....                   (boots unavailable)
Stlth   +.........              E - amulet of the acrobat
HPRegen 1.89/turn               M - +4 ring of slaying
MPRegen 0.17/turn               u - ring of protection from fire

@: no status effects
A: large, unfitting armour, claws 3, regeneration 1, shaggy fur 1, tough skin 1
a: Renounce Religion, Stomp, Line Pass


You were on level 2 of the Orcish Mines.
You worshipped Uskayaw.
Uskayaw was aware of your devotion.
You visited 4 branches of the dungeon, and saw 17 of its levels.
You also visited: Sewer and Ossuary.

You collected 1316 gold pieces.
You spent 75 gold pieces at shops.

Inventory:

Missiles
 B - 7 large rocks (quivered)
Armour
 b - a +0 kite shield (worn)
 g - a +1 cloak (worn)
 q - the +0 robe "Ycucwulo" {rC+ rCorr Int-3 Slay+4}
   (You found it on level 3 of the Dungeon)

   Int:       It affects your intelligence (-3).
   Slay:      It affects your accuracy & damage with ranged weapons and melee
   (+4).
   rC:        It protects you from cold.
   rCorr:     It protects you from acid and corrosion.
 s - +0 steam dragon scales
 S - a +1 troll leather armour (worn) {Snorg}
Jewellery
 h - a +6 ring of intelligence
 u - a ring of protection from fire (right claw)
 y - a ring of resist corrosion
 z - a +4 ring of evasion
 C - a ring of willpower
 E - an amulet of the acrobat (around neck)
 G - an amulet of magic regeneration
 H - a ring of protection from fire
 J - an amulet of regeneration
 K - a ring of magical power
 M - a +4 ring of slaying (left claw)
 R - a ring of ice
Wands
 i - a wand of roots (20)
 r - a wand of digging (3)
 t - a wand of paralysis (10)
 w - a wand of polymorph (6)
 A - a wand of acid (10)
 O - a wand of flame (8)
Scrolls
 c - 4 scrolls of teleportation
 f - a scroll of enchant armour
 j - a scroll of brand weapon
 l - a scroll of amnesia
 x - a scroll of silence
 D - 2 scrolls of fog
 F - 2 scrolls of poison
 N - 2 scrolls of enchant weapon
 Q - a scroll of magic mapping
Potions
 a - 3 potions of attraction
 d - a potion of resistance
 k - 9 potions of brilliance
 m - 8 potions of curing
 n - 3 potions of magic
 o - a potion of might
 v - a potion of haste
 I - a potion of lignification
 L - a potion of flight
 P - a potion of invisibility
 T - 2 potions of berserk rage


   Skills:
 - Level 2.4 Fighting
 - Level 9.2 Throwing
 - Level 2.4 Dodging
 - Level 2.6 Shields
 * Level 20.9 Unarmed Combat
 + Level 9.9 Invocations


You had 13 spell levels left.
You didn't know any spells.
Your spell library contained the following spells:

 Spells                   Type           Power      Damage    Failure   Level
 Magic Dart               Conj           0%         1d3       83%         1
 Necrotise                Necr           0%         1d4       83%         1
 Searing Ray              Conj           0%         2d4       93%         2
 Conjure Flame            Conj/Fire      0%         6-21      99%         3
 Ignite Poison            Fire/Tmut/Pois 0%         N/A       99%         3
 Tukima's Dance           Hex            0%         N/A       99%         3
 Vampiric Draining        Necr           0%         2d6       99%         3
 Airstrike                Air            0%         2d(0-16)  100%        4
 Fulminant Prism          Conj/Hex       0%         3d6       100%        4
 Hailstorm                Conj/Ice       0%         3d3       100%        4
 Ice Form                 Ice/Tmut       0%         N/A       100%        4
 Leda's Liquefaction      Hex/Erth       0%         N/A       100%        4
 Passage of Golubria      Tloc           0%         N/A       100%        4
 Sticky Flame             Conj/Fire      0%         2d3       100%        4
 Summon Lightning Spire   Summ/Air       0%         N/A       100%        4
 Agony                    Necr           0%         N/A       100%        5
 Lee's Rapid Deconstruct  Erth           0%         3d5*      100%        5
 Lightning Bolt           Conj/Air       0%         1d11      100%        5
 Yara's Violent Unravell  Hex/Tmut       0%         3d3       100%        5
 Simulacrum               Ice/Necr       0%         N/A       100%        6
 Statue Form              Tmut/Erth      0%         N/A       100%        6


Dungeon Overview and Level Annotations

Branches:
Dungeon (9/15)             Temple (1/1) D:7            Lair (5/5) D:9
 Shoals (0/4) Lair:2        Snake (0/4) Lair:3        Slime (0/5) Lair:5
    Orc (2/2) D:9             Elf (0/3) Orc:2         Sewer (visited)
Ossuary (visited)

Altars:
Cheibriados
Dithmenos
Elyvilon
Fedhas
Gozag
Hepliaklqana
Kikubaaqudgha
Makhleb
Nemelex Xobeh
Qazlal
Ru
Trog
Uskayaw
Xom
Jiyva
Lugonu

Shops:
D:7 ?   Orc:1 (

Portals:
Abyss: Lair:5

Annotations:
D:5 2 transporters, Exe's ghost, novice DsBe
D:8 Pikel
Lair:2 2 transporters
Lair:5 1 runed translucent door


Innate Abilities, Weirdness & Mutations

You are too large for most types of armour.
You have claws for hands.
Your natural rate of healing is unusually fast.
You are covered in fur. (AC +1)
You have tough skin. (AC +1)


Message History

The grasping roots constrict the orc!
You kill the orc!
The grasping roots constrict the ettin, but do no damage.
The roots release their grip on the ettin.
You block the ettin's attack. The ettin barely misses you.
You can now pass through a line of other dancers.
You barely miss the ettin.
The ettin is moderately wounded.
You barely miss the ettin.
The ettin is moderately wounded.
The ogre misses you.
The ettin hits you with a +2 dire flail of protection!!!
The ettin hits you with a +0 dire flail!
You hear two shouts!
You claw the ettin!
The ettin is moderately wounded.
The ettin hits you with a +2 dire flail of protection!
The ettin hits you with a +0 dire flail!!
* * * LOW HITPOINT WARNING * * *
The orc wizard mumbles some strange words.
The orc wizard flickers and vanishes!
Deactivating autopickup; reactivate with Ctrl-A.
You feel much better. The ogre barely misses you.
The ettin hits you with a +2 dire flail of protection!!
* * * LOW HITPOINT WARNING * * *
The ettin barely misses you.
You feel much better. You block the ogre's attack. The ettin barely misses you.
You block the ettin's attack. Something hits you but does no damage.
You claw the ettin!
The ettin is heavily wounded.
The ettin hits you with a +2 dire flail of protection!
You block the ettin's attack.
You hear some strange, mumbled words.
A magic dart appears from out of thin air!
The magic dart hits you. You block the ogre's attack.
The ettin hits you with a +2 dire flail of protection!!!
* * * LOW HITPOINT WARNING * * *
The ettin hits you with a +0 dire flail!
You die...

#.##..........##
###..........##
#........###
###........#.#
##............###
#.....)[........##
##...)...........#
##.....###.#.....###
#....@O#####.....#..
##.[.C{.##........#
#....))).##.....###
###.#.(...#......#
####(.........##
###.[.......###
###.##O<.....##
...o.........#
....#........###


You could see an ettin, a two-headed ogre and an ogre.

Vanquished Creatures
  A storm dragon (shapeshifter) (Lair:5)
  A bunyip (shapeshifter) (Lair:5)
  Snorg (Lair:4)
  7 hydras
  An ogre mage (Orc:1)
  6 two-headed ogres
  3 thrashing horrors (Lair:5)
  The ghost of kwasso the Poker, a novice DsGl of Nemelex Xobeh (D:8)
  An orc knight (D:9)
  A deep elf pyromancer (D:9)
  2 ugly things (Lair:5)
  An orc sorcerer (Orc:1)
  3 oklob plants (Lair:5)
  2 cyclopes (Orc:1)
  A merfolk siren (Lair:2)
  3 black mambas
  17 elephants
  A smoke demon (Lair:5)
  6 cane toads
  3 rime drakes
  11 komodo dragons
  A troll (D:9)
  An ancient zyme (Lair:5)
  A polar bear (Lair:5)
  19 dream sheep (Lair:5)
  2 large abominations (Lair:5)
  A snapping turtle (shapeshifter) (Lair:5)
  25 blink frogs
  10 small abominations (Lair:5)
  A ynoxinul (Lair:5)
  Eustachio (D:6)
  7 wyverns
  A chaos spawn (Lair:5)
  46 yaks
  7 basilisks
  Grum (D:8)
  2 steam dragons
  A redback (shapeshifter) (Lair:5)
  3 wargs (Orc:1)
  3 nagas (Lair:3)
  A swamp drake (D:9)
  A floating eye (Lair:5)
  16 water moccasins
  18 orc warriors
  A sky beast (D:7)
  A black bear (Lair:3)
  3 ogres
  3 centaurs (D:8)
  19 wolves
  Blork the orc (D:6)
  5 kobold brigands
  A necrophage (D:8)
  9 bullfrogs
  A scorpion (D:5)
  5 water moccasin zombies (Ossuary)
  4 wights (D:8)
  6 killer bees (D:9)
  2 electric eels
  A howler monkey (D:6)
  3 jellies
  2 hounds (D:6)
  11 orc priests
  A gnoll bouda (D:5)
  Ijyb (D:5)
  5 hell rats (Lair:5)
  3 iguanas
  13 orc wizards
  3 mummies
  10 gnolls
  4 adders
  A shadow imp (D:5)
  A white imp (D:7)
  5 adder zombies (Ossuary)
  75 orcs
  11 ball pythons
  8 endoplasms
  2 giant cockroaches
  3 gnoll zombies (Ossuary)
  2 goblins (D:4)
  3 hobgoblins
  8 jackals
  31 kobolds
  3 quokkas
  2 bats (D:1)
  3 frilled lizards (D:1)
  6 hobgoblin zombies
  5 kobold zombies (Ossuary)
  5 orc zombies
  7 rats
541 creatures vanquished.

Vanquished Creatures (others)
  32 fungi
  33 plants
65 creatures vanquished.

Grand Total: 606 creatures vanquished

Notes
Turn   | Place    | Note
-------+----------+-------------------------------------------
     0 | D:1      | Avanven the Troll Fighter began the quest for the Orb.
     0 | D:1      | Reached XP level 1. HP: 22/22 MP: 0/0
   190 | D:1      | Reached XP level 2. HP: 29/29 MP: 1/1
   218 | D:1      | Reached skill level 3 in Unarmed Combat
   226 | D:1      | Found a faded altar of an unknown god.
   633 | D:2      | Reached XP level 3. HP: 36/36 MP: 2/2
  1168 | D:3      | Reached skill level 4 in Unarmed Combat
  1175 | D:3      | Reached XP level 4. HP: 42/44 MP: 3/3
  1179 | D:3      | Identified the +0 robe "Ycucwulo" {rC+ rCorr Int-3 Slay+4}
  1544 | D:4      | Reached skill level 5 in Unarmed Combat
  1598 | D:4      | Reached XP level 5. HP: 26/50 MP: 4/4
  1615 | D:4      | Identified the +5 hand axe of Scuffed Reinforcement
                  | {freeze, *Noise rElec rF+++ Dex-5}
  1783 | D:4      | Noticed a +0 dagger
  1784 | D:4      | Found a hide-covered altar of Uskayaw.
  1784 | D:4      | Noticed a +0 dagger
  1796 | D:4      | Noticed an ogre
  1803 | D:4      | Killed an ogre
  1804 | D:4      | Reached skill level 6 in Unarmed Combat
  1804 | D:4      | Reached XP level 6. HP: 26/59 MP: 5/5
  1805 | D:4      | Became a worshipper of Uskayaw the Reveller
  2020 | D:4      | Reached * piety under Uskayaw
  2024 | D:4      | Reached ** piety under Uskayaw
  2057 | D:5      | Entered Level 5 of the Dungeon
  2060 | D:5      | Noticed Ijyb
  2068 | D:5      | Killed Ijyb
  2168 | D:5      | Found a transporter.
  2236 | D:5      | Reached skill level 7 in Unarmed Combat
  2236 | D:5      | Reached skill level 1 in Invocations
  2321 | D:5      | Reached *** piety under Uskayaw
  2324 | D:5      | Reached **** piety under Uskayaw
  2326 | D:5      | Reached XP level 7. HP: 51/66 MP: 5/7
  2536 | D:5      | Found a transporter.
  2539 | D:5      | Noticed Exe's ghost (novice DsBe)
  2769 | D:6      | Noticed Blork the orc
  2778 | D:6      | Killed Blork the orc
  2798 | D:6      | Found a glowing drain.
  2803 | Sewer    | Entered a sewer
  2876 | Sewer    | Reached skill level 8 in Unarmed Combat
  3242 | D:6      | Noticed Eustachio
  3260 | D:6      | Killed Eustachio
  3279 | D:6      | Found the +6 shillelagh "Devastator" {shatter}
  3294 | D:6      | Reached XP level 8. HP: 53/74 MP: 9/9
  3407 | D:6      | Reached skill level 9 in Unarmed Combat
  4158 | D:7      | Reached skill level 10 in Unarmed Combat
  4196 | D:7      | Found a staircase to the Ecumenical Temple.
  4208 | Temple   | Entered the Ecumenical Temple
  4463 | D:7      | Found a sparkling altar of Nemelex Xobeh.
  4470 | D:7      | Reached skill level 5 in Invocations
  4470 | D:7      | Reached XP level 9. HP: 77/80 MP: 11/11
  4765 | D:7      | Found Ceugyumn's Magic Scroll Shoppe.
  4777 | D:7      | Bought a scroll of blinking for 75 gold pieces
  4924 | D:8      | Found a runed translucent door.
  4926 | D:8      | Noticed kwasso's ghost (novice DsGl)
  4933 | D:8      | Reached skill level 1 in Throwing
  4971 | D:8      | Reached skill level 11 in Unarmed Combat
  4999 | D:8      | HP: 3/80 [orc/+0 morningstar (3)]
  5192 | D:8      | Found an ancient bone altar of Kikubaaqudgha.
  5195 | D:8      | Found a snail-covered altar of Cheibriados.
  5257 | D:8      | Noticed a two-headed ogre
  5260 | D:8      | Killed a two-headed ogre
  5261 | D:8      | Reached skill level 12 in Unarmed Combat
  5348 | D:8      | Found a sand-covered staircase.
  5360 | Ossuary  | Entered an ossuary
  5382 | Ossuary  | Reached XP level 10. HP: 88/88 MP: 12/12
  5667 | D:8      | Reached ***** piety under Uskayaw
  5687 | D:8      | Noticed Grum
  5694 | D:8      | Killed Grum
  6205 | D:8      | Found a hazy altar of Hepliaklqana.
  6205 | D:8      | Found a stormy altar of Qazlal.
  6208 | D:8      | Noticed Pikel
  6237 | D:8      | Killed kwasso's ghost
  6238 | D:8      | Reached skill level 5 in Throwing
  6238 | D:8      | Reached skill level 13 in Unarmed Combat
  6544 | D:9      | Found a staircase to the Lair.
  6710 | D:9      | Noticed a deep elf pyromancer
  6727 | D:9      | Killed a deep elf pyromancer
  6728 | D:9      | Reached skill level 14 in Unarmed Combat
  6736 | D:9      | Reached ****** piety under Uskayaw
  6876 | D:9      | Reached XP level 11. HP: 94/94 MP: 13/13
  6957 | D:9      | Found a staircase to the Orcish Mines.
  7396 | Lair:1   | Entered Level 1 of the Lair of Beasts
  7856 | Lair:1   | Reached skill level 15 in Unarmed Combat
  8452 | Lair:2   | Noticed a seven-headed hydra
  8533 | Lair:2   | Found a transporter.
  8718 | Lair:2   | Reached skill level 16 in Unarmed Combat
  8764 | Lair:2   | Noticed a four-headed hydra
  8773 | Lair:2   | Killed a four-headed hydra
  8888 | Lair:2   | Reached XP level 12. HP: 104/104 MP: 14/14
  8972 | Lair:2   | Found a transporter.
  9347 | Lair:2   | Killed a ten-headed hydra
  9388 | Lair:2   | Found a staircase to the Shoals.
  9716 | Lair:3   | Reached skill level 17 in Unarmed Combat
  9830 | Lair:3   | Found a staircase to the Snake Pit.
 10302 | Lair:3   | Identified the +6 scale mail "Cakh" {rPois Will- Regen+
                  | Str+4}
 10349 | Lair:3   | Noticed a seven-headed hydra
 10373 | Lair:3   | Killed a 12-headed hydra
 10500 | Lair:3   | Reached skill level 18 in Unarmed Combat
 10886 | Lair:4   | Noticed Snorg
 10892 | Lair:4   | Killed Snorg
 11055 | Lair:4   | Reached XP level 13. HP: 104/110 MP: 12/16
 11320 | Lair:4   | Found a white marble altar of Elyvilon.
 11402 | Lair:4   | You fall into a shaft and drop 1 floor!
 11402 | Lair:5   | Entered Level 5 of the Lair of Beasts
 12093 | Lair:5   | Reached skill level 19 in Unarmed Combat
 12504 | Lair:5   | Noticed a storm dragon
 12515 | Lair:5   | Killed a storm dragon
 13026 | Lair:5   | Found a runed translucent door.
 13027 | Lair:5   | Found a viscous altar of Jiyva.
 13029 | Lair:5   | Found a staircase to the Slime Pits.
 13174 | Lair:5   | Reached XP level 14. HP: 64/118 MP: 7/19
 13177 | Lair:5   | Reached skill level 20 in Unarmed Combat
 13519 | Lair:5   | Found a corrupted altar of Lugonu.
 13519 | Lair:5   | Found a one-way gate to the infinite horrors of the Abyss.
 13832 | Lair:5   | Paralysed by a floating eye for 4 turns
 14183 | Orc:1    | Entered Level 1 of the Orcish Mines
 14429 | Orc:1    | Found Muuh Ylu's Firing Range.
 14690 | Orc:2    | Entered Level 2 of the Orcish Mines
 14836 | Orc:2    | Found a staircase to the Elven Halls.
 15131 | Orc:2    | HP: 1/118 [ettin/+2 dire flail of protection (40)]
 15131 | Orc:2    | Mangled by an ettin

Illustrated notes

Levels and vault maps discovered:
D:1:      wander_arrival_peaceful_grave, layout_loops_ring,
          dreamdust_ecumenical_altar_angels_and_demons
D:2:      layout_basic
D:3:      layout_rooms
D:4:      layout_rooms, dancing_weapons_uskayaw
D:5:      layout_basic, gammafunk_ghost_stat_death, uniq_ijyb
D:6:      layout_loops_corners, portal_sewer_entry_e,
          dilly_guarded_unrand_devastator, uniq_blork_the_orc, uniq_eustachio
D:7:      layout_cave_pods, marbit_many_paths,
          minmay_temple_entry_drinking_statues, serial_shops,
          nicolae_lakefront_shop
D:8:      layout_loops_ring, nicolae_overflow_hidden_temple, special_room
          [special_room_orc], nicolae_ossuary_entry_giza, gammafunk_ghost_grave,
          palyth_stone_intersect, uniq_pikel, uniq_grum
D:9:      layout_cave_pools, erik_lair_dragon, david_orc_5
Temple:   eino_narrow_crystal_temple
Lair:1:   layout_loops_ring
Lair:2:   gammafunk_worm_tunnel, layout_cave_shapes,
          minmay_shoals_entry_lonely_mermaid
Lair:3:   layout_regular_city, minmay_snake_entry_guardpost_small, st_stairs_4,
          lemuel_fruit_tree, serial_bayou_shore_b, serial_bayou_shore_a,
          serial_bayou_shore_b, grunt_megastairs_5
Lair:4:   layout_hall_layers, basic_altar, grunt_megastairs_3, uniq_snorg
Lair:5:   hellmonk_lair_end_abyssal_woods, layout_concentric_octagons,
          slime_entry_2, small_statue_intersection,
          nicolae_quartered_pool_little, chequers_serial_rivers_small_3,
          disabler_island
Orc:1:    layout_caves, basic_altar, nicolae_shop_firing_range
Orc:2:    st_orc_elflike, layout_diamond_mine, basic_altar, uniq_rupert,
          uniq_josephine

Skill      XL: |  1  2  3  4  5  6  7  8  9 10 11 12 13 14 |
---------------+-------------------------------------------+-----
Unarmed Combat | 3 4 5 6 7 8 10 12 14 16 18 19 20 | 20.9
Invocations    | 1 3 5 6 8 9 |  9.9
Throwing       | 4 6 8 9 |  9.2
Fighting       | |  2.4
Dodging        | |  2.4
Shields        | |  2.6

Action                   |  1- 3 |  4- 6 |  7- 9 | 10-12 | 13-15 || total
-------------------------+-------+-------+-------+-------+-------++-------
Melee: Unarmed           |    89 |    90 |   244 |   512 |   417 ||  1352
Throw: Large rock        |       |       |     3 |    40 |    23 ||    66
Invok: Stomp             |       |       |     7 |     5 |    12 ||    24
       Line Pass         |       |       |     1 |       |       ||     1
       Grand Finale      |       |       |       |     1 |       ||     1
Evoke: Wand              |       |       |       |     2 |    17 ||    19
  Use: Scroll            |     1 |       |    19 |     8 |    12 ||    40
       Potion            |       |     3 |     8 |     3 |     9 ||    23
 Stab: Sleeping          |     1 |       |       |       |       ||     1
       Paralysed         |       |     1 |     8 |    39 |    36 ||    84
       Invisible         |       |       |       |       |     3 ||     3
Armor: Robe              |    38 |    13 |    65 |    80 |       ||   196
       Skin              |       |     2 |       |       |       ||     2
       Troll leather arm |       |       |       |     5 |    98 ||   103
Dodge: Dodged            |    34 |    36 |    83 |   183 |   164 ||   500
Block: Kite shield       |    23 |    32 |    99 |   137 |   127 ||   418
